 Dungeon Crawl Stone Soup version 0.21-a0-513-gdcb3f5e (webtiles) character file.

191 BingusPrime the Ruffian (level 5, -4/46 HPs)
             Began as a Ghoul Monk on Dec 1, 2017.
             Killed by divine providence
             ... invoked by an orc priest
              (8 damage)
             ... on level 3 of the Dungeon.
             The game lasted 00:07:05 (1985 turns).

BingusPrime the Ruffian (Ghoul Monk)                Turns: 1985, Time: 00:07:05

Health: -4/46      AC:  6    Str: 20    XL:     5   Next: 70%
Magic:  4/4        EV: 11    Int:  5    God:
Gold:   132        SH:  0    Dex: 12    Spells: 4/4 levels left

rFire    . . .     SeeInvis .     - Unarmed
rCold    + . .     Gourm    .   (no shield)
rNeg     + + +     Faith    .   h - +0 scale mail
rPois    ∞         Spirit   .   (no helmet)
rElec    .         Reflect  .   (no cloak)
rCorr    .         Harm     .   (no gloves)
MR       .....                  (no boots)
Stlth    +.........             (no amulet)
HPRegen  0.00/turn              (no ring)
MPRegen  0.09/turn              (no ring)

@: mighty, rotting
A: rotting body, claws 1, carnivore 3, cold resistance 1, negative energy
resistance 3, inhibited regeneration, torment resistance, unbreathing
a: no special abilities


You were on level 3 of the Dungeon.
You were not hungry.

You visited 1 branch of the dungeon, and saw 3 of its levels.

You collected 132 gold pieces.

Inventory:

Armour
 a - a +0 robe
 h - a +0 scale mail (worn)
Wands
 g - a wand of polymorph (13)
Scrolls
 e - a scroll of identify
 i - a scroll of teleportation {unknown}
 m - 2 scrolls of amnesia {unknown}
 n - a scroll of remove curse
Potions
 d - 2 potions of haste {unknown}
 j - 3 potions of magic {unknown}
 k - a potion of berserk rage {unknown}
 l - 2 potions of lignification {unknown}
Comestibles
 b - 4 meat rations
 f - 7 chunks of flesh


   Skills:
 + Level 3.9 Fighting
 + Level 0.3 Armour
 + Level 3.2 Dodging
 + Level 2.5 Stealth
 * Level 5.8 Unarmed Combat


You had 4 spell levels left.
You didn't know any spells.

Dungeon Overview and Level Annotations

Branches:
Dungeon (3/15)

Altars:
Trog


Innate Abilities, Weirdness & Mutations

Your body is rotting away.
You thrive on raw meat.
You are immune to poison.
You have sharp fingernails.
You are carnivorous and can eat meat at any time.
Your flesh is cold resistant. (rC+)
You are immune to negative energy. (rN+++)
You do not regenerate when monsters are visible.
You are immune to unholy pain and torment.
You can survive without breathing.


Message History

You barely miss the orc. The orc hits you with a trident.
* * * LOW HITPOINT WARNING * * *
You scratch the orc.
The orc is heavily wounded.
The orc hits you with a trident.
* * * LOW HITPOINT WARNING * * *
An orc priest comes into view. It is wielding a whip.
You scratch the orc.
The orc is almost dead.
The orc priest calls upon Beogh to heal the orc wizard.
The orc wizard is healed somewhat.
You scratch the orc.
You kill the orc!
The orc priest calls upon Beogh to heal the orc wizard.
The orc wizard's wounds heal themselves!
You barely miss the orc. You closely miss the orc wizard.
The orc priest calls down the wrath of Beogh upon you.
Beogh smites you!
You die...

#..#.#÷.#.# #.#
##.###...#.# #.#
#.## ##..#.# #.#
##.###..##.# ##.#
#..#.#.##.# #...
#.#.##.##.# #...
#.#.##.##.# #...
#.#.##.##.#####...
#@#o##.##.......).
#o#.##.########...
####.###o#.# .#
#### ........o#.#
# ####.......# #
#..........# #
#.########## ...
###


You could see an orc priest, an orc wizard and an orc.

Vanquished Creatures
  A scorpion (D:3)
  An orc wizard (D:3)
  Terence (D:3)
  An adder (D:2)
  An ooze (D:3)
  3 worms (D:2)
  A dart slug (D:2)
  3 leopard geckos
  3 orcs (D:3)
  5 bats
  4 giant cockroaches
  8 goblins
  5 hobgoblins
  2 jackals (D:3)
  7 frilled lizards
  4 kobolds
  7 rats
57 creatures vanquished.

Notes
Turn   | Place    | Note
-------+----------+-------------------------------------------
     0 | D:1      | BingusPrime the Ghoul Monk began the quest for the Orb.
     0 | D:1      | Reached XP level 1. HP: 19/19 MP: 0/0
    87 | D:1      | Reached XP level 2. HP: 21/26 MP: 1/1
   687 | D:2      | Reached XP level 3. HP: 31/31 MP: 2/2
   695 | D:2      | Reached skill level 4 in Unarmed Combat
  1114 | D:2      | Found a bloodstained altar of Trog.
  1303 | D:2      | Reached XP level 4. HP: 16/40 MP: 3/3
  1685 | D:3      | Noticed Terence
  1705 | D:3      | Killed Terence
  1829 | D:3      | Reached skill level 5 in Unarmed Combat
  1859 | D:3      | Reached XP level 5. HP: 39/46 MP: 4/4
  1985 | D:3      | Killed from afar by an orc priest

Vault maps used:
D:1:      eino_arrival_cavern_e
D:2:      bloody_trog, minmay_pentomino_w2
D:3:      nicolae_tso_swordbearing_angel, nemelex_lonely_heart_becter,
          uniq_terence

Skill      XL: |  1  2  3  4 |
---------------+-------------+-----
Dodging        | 3 |  3.2
Unarmed Combat | 4 5 |  5.8
Fighting       | |  3.9
Armour         | |  0.3
Stealth        | |  2.5

Action                   |  1- 3 |  4- 6 || total
-------------------------+-------+-------++-------
Melee: Unarmed           |   129 |    87 ||   216
       Punch             |     5 |     2 ||     7
  Use: Scroll            |       |     3 ||     3
       Potion            |       |     1 ||     1
 Stab: Sleeping          |     2 |       ||     2
  Eat: Chunk             |    14 |     8 ||    22
Armor: Robe              |    13 |     1 ||    14
       Scale mail        |       |    26 ||    26
Dodge: Dodged            |    70 |    48 ||   118

Table legend:
 A = Spawn XP
 B = Non-spawn XP
 C = Spawn XP percentage of total XP
 D = Spawn monster count
 E = Non-spawn monster count
 F = Spawn count percentage of total count
 G = Total turns spent on level
                    A         B        C        D         E        F      G
               +---------+---------+-------+---------+---------+-------+---------
         Total |       0 |     274 |   0.0 |       0 |      57 |   0.0 |  1985
               +---------+---------+-------+---------+---------+-------+---------
           D:1 |       0 |      32 |   0.0 |       0 |      19 |   0.0 |   673
           D:2 |       0 |      56 |   0.0 |       0 |      21 |   0.0 |   950
           D:3 |       0 |     186 |   0.0 |       0 |      17 |   0.0 |   362
               +---------+---------+-------+---------+---------+-------+---------
